 Dungeon Crawl Stone Soup version 0.25-a0-736-g23b457f (webtiles) character file.

Game seed: 11710274746609274610, levelgen mode: deterministic

355988 TombWorld the Slayer (level 22, -6/215 HPs)
             Began as a Ghoul Fighter on Apr 6, 2020.
             Was a High Priest of Okawaru.
             Splashed by an acid blob's acid (7 damage)
             ... on level 3 of the Pits of Slime on Apr 11, 2020.
             The game lasted 03:32:08 (49095 turns).

TombWorld the Slayer (Ghoul Fighter)               Turns: 49095, Time: 03:32:09

Health: -6/215     AC: 48    Str: 27 (28) XL:     22   Next: 33%
Magic:  0/28       EV:  9    Int:  4 (5)  God:    Okawaru [*****.]
Gold:   4064       SH: 32    Dex:  5 (6)  Spells: 21/21 levels left

rFire    + + +     SeeInvis +     - Unarmed
rCold    + + +     Gourm    .   P - +7 tower shield of Laefaom {rF+++ Regen+ rCorr Dex-2}
rNeg     + + +     Faith    .   g - +14 crystal plate armour {rC+}
rPois    ∞         Spirit   +   L - +2 helmet {SInv}
rElec    .         Reflect  .   A - scarf {repulsion}
rCorr    +         Harm     .   E - +2 pair of gloves of the Slug {Slay+3}
MR       +....                  u - +2 pair of boots
Stlth    ..........             W - amulet of the Good {Spirit rF+}
HPRegen  0.00/turn              a - ring of protection from cold
MPRegen  0.21/turn              R - ring of protection from fire

@: heroism, finesse, rotting, studying 2 skills, repel missiles
A: rotting body, claws 1, carnivore, cold resistance 1, negative energy
resistance 3, inhibited regeneration, torment resistance, unbreathing
}: 2/15 runes: decaying, serpentine
a: Heroism, Finesse, Renounce Religion


You were on level 3 of the Pits of Slime.
You worshipped Okawaru.
Okawaru was extremely pleased with you.
You were not hungry.

You visited 8 branches of the dungeon, and saw 40 of its levels.
You visited the Abyss 1 time.
You visited 1 bazaar.
You also visited: Trove, Gauntlet and Ice Cave.

You collected 4932 gold pieces.
You spent 868 gold pieces at shops.

Inventory:

Hand Weapons
 K - the +5 longbow "Ibiut" {freeze, *Corrode rN+++ Dex+5}
   (Okawaru gifted it to you on level 6 of the Lair of Beasts)

   It causes projectiles fired from it to freeze those they strike, causing
   extra injury to most foes and up to half again as much damage against
   particularly susceptible opponents.
   They can also slow down cold-blooded creatures.
   It affects your dexterity (+5).
   It renders you almost immune to negative energy.
   It may corrode you when you take damage.
 M - a +2 vorpal triple crossbow
 Z - a +7 vorpal fustibalus
Missiles
 h - 1022 bolts
 o - 134 sling bullets
 p - 883 arrows
 r - 8 atropa-tipped darts (quivered)
 F - a throwing net
 G - 17 silver javelins
 N - 7 datura-tipped darts
 Y - 30 javelins
Armour
 g - a +14 crystal plate armour of cold resistance (worn)
 u - a +2 pair of boots (worn)
 A - a scarf of repulsion (worn)
 E - the +2 pair of gloves of the Slug (worn) {Slay+3}
   (You acquired it on level 3 of the Swamp)

   It affects your accuracy and damage with ranged weapons and melee attacks
   (+3).
 L - a +2 helmet of see invisible (worn)
 P - the +7 tower shield of Laefaom (worn) {rF+++ Regen+ rCorr Dex-2}
   (Okawaru gifted it to you on level 4 of the Swamp)

   It affects your dexterity (-2).
   It renders you almost immune to fire.
   It increases your rate of regeneration.
   It provides partial protection from all sources of acid and corrosion.
Jewellery
 a - a ring of protection from cold (left hand)
 w - the ring "Qumnit" {Str+3 Int+9}
   (You found it on level 4 of the Vaults)

   [ring of strength]

   It affects your strength (+3).
   It affects your intelligence (+9).
 Q - an uncursed amulet of faith
 R - a ring of protection from fire (right hand)
 W - the amulet of the Good (around neck) {Spirit rF+}
   (You took it off an orc warrior on level 13 of the Dungeon)

   [amulet of guardian spirit]

   It causes incoming damage to be split between your health and magic.
   It protects you from fire.
Wands
 b - a wand of iceblast (28)
 y - a wand of digging (7)
 z - a wand of acid (27)
Scrolls
 e - 10 scrolls of blinking
 f - 6 scrolls of fog
 j - 17 scrolls of teleportation
 m - 5 scrolls of magic mapping
 q - 3 scrolls of enchant armour
 v - a scroll of silence
 B - 5 scrolls of fear
 J - 20 scrolls of remove curse
 T - a scroll of summoning
 X - 9 scrolls of identify
Potions
 c - 5 potions of might
 i - 2 potions of haste
 k - 3 potions of cancellation
 t - 19 potions of curing
 x - 6 potions of flight
 C - 4 potions of invisibility
 D - 6 potions of heal wounds
 H - 2 potions of ambrosia
 I - 5 potions of stabbing
 O - 3 potions of resistance
Books
 S - a manual of Dodging
 V - a manual of Armour
Miscellaneous
 l - a phial of floods
 U - a phantom mirror
Comestibles
 d - 56 rations


   Skills:
 * Level 22.1(27) Fighting
 - Level 5.8(10.8) Throwing
 * Level 10.1(15.1) Armour
 * Level 9.6(14.6) Dodging
 * Level 18.8(23.8) Shields
 - Level 22.0(27) Unarmed Combat
 - Level 10.0 Invocations


You had 21 spell levels left.
You didn't know any spells.
Your spell library contained the following spells:

 Spells                   Type           Power        Failure   Level  Hunger
 Animate Skeleton         Necr           N/A          100%        1    ##.....
 Apportation              Tloc           #.....       100%        1    ##.....
 Corona                   Hex            #......      100%        1    ##.....
 Magic Dart               Conj           #...         100%        1    ##.....
 Sting                    Tmut/Pois      #...         100%        1    ##.....
 Summon Small Mammal      Summ           #...         100%        1    ##.....
 Blink                    Tloc           N/A          100%        2    ###....
 Call Imp                 Summ           #.......     100%        2    ###....
 Corpse Rot               Necr/Air       N/A          100%        2    ###....
 Ensorcelled Hibernation  Hex/Ice        #.....       100%        2    ###....
 Slow                     Hex            #.......     100%        2    ###....
 Call Canine Familiar     Summ           #.......     100%        3    ####...
 Confusing Touch          Hex            #.......     100%        3    ####...
 Conjure Flame            Conj/Fire      #.......     100%        3    ####...
 Dazzling Flash           Conj/Hex       #.....       100%        3    ####...
 Frozen Ramparts          Ice            #.....       100%        3    ####...
 Gell's Gravitas          Tloc           #.........   100%        3    ####...
 Ignite Poison            Fire/Tmut/Pois #.......     100%        3    ####...
 Lesser Beckoning         Tloc           #.........   100%        3    ####...
 Mephitic Cloud           Conj/Pois/Air  #.......     100%        3    ####...
 Portal Projectile        Hex/Tloc       #.....       100%        3    ####...
 Static Discharge         Conj/Air       #.......     100%        3    ####...
 Stone Arrow              Conj/Erth      #.....       100%        3    ####...
 Summon Guardian Golem    Hex/Summ       #.......     100%        3    ####...
 Teleport Other           Tloc           #.......     100%        3    ####...
 Tukima's Dance           Hex            #.......     100%        3    ####...
 Cause Fear               Hex            #.........   100%        4    #####..
 Fulminant Prism          Conj/Hex       #.........   100%        4    #####..
 Iskenderun's Mystic Bla  Conj/Tloc      #.......     100%        4    #####..
 Leda's Liquefaction      Hex/Erth       #.........   100%        4    #####..
 Passage of Golubria      Tloc           N/A          100%        4    #####..
 Summon Ice Beast         Ice/Summ       #.......     100%        4    #####..
 Summon Lightning Spire   Summ/Air       #.......     100%        4    #####..
 Bolt of Magma            Conj/Fire/Erth #.........   100%        5    ######.
 Borgnjor's Vile Clutch   Necr/Erth      #.........   100%        5    ######.
 Irradiate                Conj/Tmut      #.........   100%        5    ######.
 Lee's Rapid Deconstruct  Erth           #.........   100%        5    ######.
 Lightning Bolt           Conj/Air       #.........   100%        5    ######.
 Metabolic Englaciation   Hex/Ice        #.........   100%        5    ######.
 Silence                  Hex/Air        #.........   100%        5    ######.
 Summon Forest            Summ/Tloc      #.........   100%        5    ######.
 Summon Mana Viper        Hex/Summ       #.......     100%        5    ######.
 Conjure Ball Lightning   Conj/Air       #.........   100%        6    #######
 Deflect Missiles         Chrm/Air       #.........   100%        6    #######
 Eringya's Noxious Bog    Tmut/Pois      #.........   100%        6    #######
 Iron Shot                Conj/Erth      #.........   100%        6    #######
 Malign Gateway           Summ/Tloc      #.........   100%        7    #######
 Monstrous Menagerie      Summ           #.........   100%        7    #######
 Summon Greater Demon     Summ           #.........   100%        7    #######
 Summon Hydra             Summ           #.........   100%        7    #######
 Chain Lightning          Conj/Air       #.........   100%        8    #######
 Discord                  Hex            #.........   100%        8    #######
 Summon Horrible Things   Summ           #.........   100%        8    #######
 Absolute Zero            Ice            #.........   100%        9    #######
 Shatter                  Erth           #.........   100%        9    #######
 Tornado                  Air            #.........   100%        9    #######
 Hydra Form               Tmut           Unusable     N/A         6    N/A
 Statue Form              Tmut/Erth      Unusable     N/A         6    N/A

Dungeon Overview and Level Annotations

Branches:
Dungeon (15/15)            Temple (1/1) D:7            Lair (6/6) D:9
  Swamp (4/4) Lair:2        Snake (4/4) Lair:2        Slime (4/5) Lair:6
    Orc (2/2) D:12            Elf (0/3) Orc:2        Vaults (4/5) D:14
  Crypt (0/3) Vaults:2     Depths (0/5) D:15          IceCv (visited)
Gauntlet (visited)

Altars:
Ashenzari
Cheibriados
Dithmenos
Elyvilon
Fedhas
Gozag
Hepliaklqana
Kikubaaqudgha
Makhleb
Nemelex Xobeh
Okawaru
Qazlal
Ru
Sif Muna
Trog
Uskayaw
Vehumet
Wu Jian
Xom
Yredelemnul
Zin
The Shining One
Beogh

Shops:
D:8 }!!?   D:10 *   Orc:2 [[?:   Vaults:1 }   Vaults:3 [

Portals:
Hell: Lair:6

Annotations:
D:10 3 runed translucent doors, Vaips's ghost, journeyman MiBe
Slime:3 Dissolution


Innate Abilities, Weirdness & Mutations

Your body is rotting away.
You thrive on raw meat.
You are immune to poison.
You have sharp fingernails.
You are carnivorous and can eat meat at any time.
Your flesh is cold resistant. (rC+)
You are immune to negative energy. (rN+++)
You do not regenerate when monsters are visible.
You are immune to unholy pain and torment.
You can survive without breathing.


Message History

You're too confused!
You punch the acid blob!
Your hands burn!
* * * LOW HITPOINT WARNING * * *
The acid blob is lightly wounded.
You are splashed with acid!
You resist.
* * * LOW HITPOINT WARNING * * *
The floating eye's stare focuses on you.
The acid blob hits you but does no damage.
Dissolution jiggles.
Dissolution hits you but does no damage.
Dissolution hits you!
* * * LOW HITPOINT WARNING * * *
You are splashed with acid.
You resist.
* * * LOW HITPOINT WARNING * * *
You feel better.
You are splashed with acid!
You resist.
* * * LOW HITPOINT WARNING * * *
The acid blob spits acid at you.
The splash of acid hits you but does no damage.
You are splashed with acid!
You resist.
You die...

#....#......<.#
#.............#
#...........##
#..#.....###
###.......#
##..#.GG...#
#....GGG...#
#....##J#..##
##.###.@J..# ##
##.#.## ##...#
#.## ## ##


You could see Dissolution, an acid blob, a great orb of eyes, 2 eyes of
draining, a floating eye and a golden eye.

Vanquished Creatures
  Vashnia (Snake:2)
  A bone dragon (Swamp:4)
  Nikola (Vaults:2)
  Jorgrun (Swamp:3)
  A lich (Vaults:4)
  Asterion (Vaults:1)
  14 acid blobs
  2 sphinxes (Vaults:3)
  Kirke (D:13)
  A thorn hunter (Swamp:1)
  Donald (Snake:1)
  Roxanne (Snake:2)
  9 nagarajas (Snake:4)
  2 fire giants
  2 frost giants
  An azure jelly (Slime:2)
  An orc warlord (Orc:2)
  Louise (Snake:4)
  2 deep elf sorcerers
  Aizul (Vaults:3)
  8 vault wardens
  A reaper (IceCv)
  10 ironheart preservers
  An entropy weaver (Vaults:4)
  5 stone giants
  3 very ugly things
  A dire elephant (Lair:6)
  A minotaur (Gauntlet)
  The ghost of DarkSavant the Fighter, a journeyman DrTm of Makhleb (Lair:4)
  The ghost of Deaparra the Severer, a journeyman DrBe of Trog (D:14)
  A crystal guardian (Vaults:3)
  2 ettins
  Josephine (Snake:1)
  11 ogre magi
  3 fire dragons
  3 great orbs of eyes
  4 yaktaur captains
  2 death oozes (Slime:3)
  14 naga warriors
  Erolcha (Orc:2)
  19 vault guards
  5 ghost crabs
  9 hydras
  A hell beast (Lair:6)
  A rakshasa (Vaults:2)
  12 anacondas
  3 ice dragons
  3 catoblepae
  3 shambling mangroves
  35 two-headed ogres
  3 death knights
  18 alligators
  4 centaur warriors
  10 naga sharpshooters
  5 shock serpents
  An orc high priest (Orc:2)
  2 spriggans (Swamp:1)
  A shadow wraith (Vaults:3)
  A salamander mystic (Snake:3)
  3 deep elf knights
  7 skeletal warriors
  3 unseen horrors
  A spriggan druid (Swamp:3)
  6 deep trolls
  19 sea snakes
  2 glowing orange brains
  3 naga ritualists
  2 flayed ghosts
  A swamp dragon (Swamp:1)
  4 wizards
  3 deep elf archers
  A phantasmal warrior (Swamp:4)
  15 ironbrand convokers
  A spectral hydra (Swamp:4)
  6 harpies
  10 orc knights
  8 mana vipers
  3 necromancers
  7 orc sorcerers
  9 wolf spiders
  8 cyclopes
  A faun (shapeshifter) (D:12)
  A tengu zombie (D:15)
  A cyclops (shapeshifter) (Vaults:3)
  2 frost giant zombies (Vaults:4)
  5 shining eyes
  9 deep elf magi
  7 salamanders
  31 ugly things
  A manticore (D:15)
  A fire giant zombie (Vaults:2)
  6 elephants
  2 fire giant skeletons
  2 ice statues (IceCv)
  3 guardian serpents
  6 oklob plants
  An eye of devastation (Slime:3)
  A worldbinder (Gauntlet)
  3 centaur zombies
  15 naga magi
  37 black mambas
  12 vault sentinels
  A torpor snail (Lair:5)
  Psyche (D:8)
  A smoke demon (Lair:6)
  16 spiny frogs
  A gargoyle (D:13)
  4 orange demons (Lair:6)
  A spiny frog (shapeshifter) (D:14)
  A yaktaur (shapeshifter) (Vaults:3)
  34 yaktaurs
  6 freezing wraiths
  6 komodo dragons
  A rime drake (Lair:6)
  3 swamp worm zombies (Swamp:4)
  A human zombie (Vaults:2)
  11 ice devils
  A red devil (Lair:6)
  A human skeleton (Vaults:2)
  A polar bear (Lair:4)
  A queen bee (shapeshifter) (Vaults:2)
  25 trolls
  8 tyrant leeches
  5 large abominations (D:13)
  A hydra zombie (Swamp:4)
  A harpy skeleton (D:15)
  A tengu simulacrum (Vaults:2)
  A jumping spider (Vaults:4)
  18 hornets
  91 slime creatures
  Prince Ribbit (D:8)
  25 blink frogs
  2 spectral swamp dragons (Swamp:4)
  10 bog bodies
  5 dream sheep
  14 hippogriffs
  3 alligator zombies (Swamp:4)
  A dream sheep (shapeshifter) (Vaults:3)
  A shadow (Swamp:3)
  5 wraiths
  44 yaks
  A fire dragon skeleton (D:15)
  Sigmund (D:5)
  A redback (D:12)
  7 hogs
  7 small abominations (D:13)
  4 wyverns
  7 basilisks
  28 vampire mosquitoes
  The ghost of lightray the Poker, an amateur MfFi (D:3)
  A hungry ghost (D:11)
  3 human simulacra
  4 golden eyes (Slime:3)
  3 wargs
  9 swamp worms
  7 insubstantial wisps (Swamp:4)
  55 nagas
  4 hell hounds (Lair:6)
  19 water moccasins
  4 porcupines
  A soldier ant (shapeshifter) (Vaults:3)
  A black bear (D:9)
  3 swamp drakes
  46 orc warriors
  A sky beast (D:9)
  2 necrophages
  An ice beast (shapeshifter) (Vaults:2)
  13 ice beasts
  6 swamp dragon zombies (Swamp:4)
  10 phantoms
  4 eyes of draining
  An eye of draining (shapeshifter) (Vaults:1)
  50 ogres
  6 wolves (Lair:1)
  3 boggarts (Gauntlet)
  12 centaurs
  17 crocodiles
  5 big kobolds
  Blork the orc (D:6)
  18 bullfrogs
  A yaktaur skeleton (D:15)
  A glowing shapeshifter simulacrum (Vaults:4)
  A wyvern skeleton (D:13)
  7 scorpions
  11 killer bees
  4 electric eels
  4 wights
  9 howler monkeys
  5 crimson imps
  3 bullfrog zombies
  5 hounds
  2 quasits
  23 orc priests
  4 bullfrog skeletons
  29 orc wizards
  4 centaur skeletons
  An iguana (D:4)
  6 worker ants
  A spectral swamp drake (Swamp:4)
  A killer bee zombie (D:7)
  A worker ant zombie (D:6)
  10 gnolls
  A howler monkey skeleton (D:5)
  4 swamp drake zombies (Swamp:4)
  13 adders
  6 shadow imps
  6 white imps (IceCv)
  4 ufetubi (IceCv)
  An ooze (D:2)
  2 adder skeletons
  3 worms
  A dart slug (D:1)
  3 leopard geckos
  121 orcs
  6 ball pythons
  8 giant cockroaches
  12 goblins
  6 hobgoblins
  3 jackals
  14 kobolds
  8 quokkas
  2 bats
  10 frilled lizards
  A jackal skeleton (D:4)
  2 leopard gecko skeletons
  3 rats
  2 plants
1620 creatures vanquished.

Vanquished Creatures (others)
  An ironbrand convoker (Vaults:2)
  4 white imps (IceCv)
  7 ufetubi (IceCv)
  12 fungi
  32 plants
  A withered plant (D:3)
57 creatures vanquished.

Grand Total: 1677 creatures vanquished

Notes
Turn   | Place    | Note
-------+----------+-------------------------------------------
     0 | D:1      | TombWorld the Ghoul Fighter began the quest for the Orb.
     0 | D:1      | Reached XP level 1. HP: 19/19 MP: 0/0
   191 | D:1      | Reached XP level 2. HP: 26/26 MP: 1/1
   668 | D:1      | Reached XP level 3. HP: 29/31 MP: 2/2
  1062 | D:2      | Found a faded altar of an unknown god.
  1181 | D:2      | Reached XP level 4. HP: 20/40 MP: 3/3
  1786 | D:2      | Found a blossoming altar of Fedhas.
  2194 | D:2      | Found a shimmering altar of Xom.
  2648 | D:3      | Reached XP level 5. HP: 44/46 MP: 4/4
  3098 | D:3      | Found a runed translucent door.
  3098 | D:3      | Noticed lightray's ghost (amateur MfFi)
  3635 | D:4      | Reached skill level 5 in Unarmed Combat
  3635 | D:4      | Reached XP level 6. HP: 44/53 MP: 5/5
  3895 | D:4      | Noticed a phantom
  3907 | D:4      | Killed a phantom
  4312 | D:5      | Entered Level 5 of the Dungeon
  4313 | D:5      | Upgraded the game from 0.25-a0-721-g57989bd to
                  | 0.25-a0-730-g633e9c3
  4321 | D:5      | Noticed Sigmund
  4325 | D:5      | Reached skill level 5 in Fighting
  4325 | D:5      | Reached XP level 7. HP: 56/61 MP: 6/6
  4962 | D:4      | Upgraded the game from 0.25-a0-730-g633e9c3 to
                  | 0.25-a0-734-g73332ae
  5093 | D:5      | Killed Sigmund
  5093 | D:5      | Reached XP level 8. HP: 55/70 MP: 7/7
  5451 | D:5      | Reached skill level 5 in Shields
  6273 | D:6      | Found an opulent altar of Gozag.
  6562 | D:6      | Noticed Blork the orc
  6574 | D:6      | Killed Blork the orc
  6824 | D:6      | Reached XP level 9. HP: 77/78 MP: 8/8
  7639 | D:7      | You fall into a shaft and drop 1 floor!
  7990 | D:7      | Found a staircase to the Ecumenical Temple.
  8045 | Temple   | Entered the Ecumenical Temple
  8150 | Temple   | Became a worshipper of Warmaster Okawaru
  8593 | D:8      | Noticed Prince Ribbit
  8666 | D:8      | Reached skill level 1 in Invocations
  8670 | D:8      | Reached skill level 10 in Unarmed Combat
  8694 | D:8      | Found Donweaci's Gadget Shop.
  8698 | D:8      | Noticed Psyche
  8712 | D:8      | Killed Psyche
  8724 | D:8      | Killed Prince Ribbit
  8753 | D:8      | Reached * piety under Okawaru
  8914 | D:8      | Found Muyntudo's Distillery.
  8917 | D:8      | Bought a potion of ambrosia for 128 gold pieces
  8917 | D:8      | Bought a potion of curing for 48 gold pieces
  8917 | D:8      | Bought a potion of curing for 48 gold pieces
  8917 | D:8      | Bought a potion of curing for 48 gold pieces
  8937 | D:8      | Reached XP level 10. HP: 81/87 MP: 9/11
  8953 | D:8      | Found a shimmering blue altar of Sif Muna.
  8971 | D:8      | Found Wiphustobo's Magic Scroll Shoppe.
  9073 | D:8      | Bought a scroll of magic mapping for 42 gold pieces
  9073 | D:8      | Bought a scroll of magic mapping for 42 gold pieces
  9073 | D:8      | Bought a scroll of identify for 24 gold pieces
  9109 | D:8      | Found Ostraz's Distillery.
  9171 | D:8      | Found a bloodstained altar of Trog.
  9171 | D:8      | Found a shadowy altar of Dithmenos.
  9219 | D:8      | Reached ** piety under Okawaru
  9611 | D:9      | Found a staircase to the Lair.
 10112 | D:9      | Reached *** piety under Okawaru
 10775 | D:9      | Reached skill level 5 in Invocations
 10912 | D:9      | Noticed a three-headed hydra
 10918 | D:9      | Killed a three-headed hydra
 10918 | D:9      | Reached **** piety under Okawaru
 10918 | D:9      | Reached XP level 11. HP: 63/97 MP: 12/14
 11155 | D:10     | Entered Level 10 of the Dungeon
 11846 | D:10     | Found a runed translucent gate.
 11846 | D:10     | Found a runed translucent gate.
 11846 | D:10     | Found an opulent altar of Gozag.
 11846 | D:10     | Found a runed translucent gate.
 11847 | D:10     | Found Zoijojor's Assorted Antiques.
 11847 | D:10     | Noticed Vaips's ghost (journeyman MiBe)
 11847 | D:10     | Noticed a red ugly thing
 11847 | D:10     | Noticed a frost giant
 12473 | D:11     | Noticed a brown ugly thing
 12496 | D:10     | Killed a brown ugly thing
 13315 | D:11     | Noticed a skeletal warrior
 13316 | D:11     | Noticed a skeletal warrior
 13316 | D:11     | Noticed a skeletal warrior
 13316 | D:11     | Noticed a skeletal warrior
 13329 | D:11     | Noticed a skeletal warrior
 13339 | D:10     | Killed a skeletal warrior
 14051 | D:10     | Killed a skeletal warrior
 14051 | D:10     | Reached ***** piety under Okawaru
 14051 | D:10     | Reached skill level 10 in Fighting
 14059 | D:10     | Killed a skeletal warrior
 14192 | D:11     | Killed a skeletal warrior
 14205 | D:11     | Killed a skeletal warrior
 14487 | D:11     | Reached XP level 12. HP: 60/103 MP: 1/16
 14973 | D:11     | Found a roughly hewn altar of Beogh.
 15494 | D:12     | Noticed a two-headed ogre
 15499 | D:12     | Received a gift from Okawaru
 15506 | D:12     | Killed a two-headed ogre
 16910 | D:12     | Found a staircase to the Orcish Mines.
 17288 | D:13     | Noticed a centaur warrior
 17299 | D:13     | Killed a centaur warrior
 17299 | D:13     | Received a gift from Okawaru
 17367 | D:13     | Found a frozen archway.
 17392 | D:13     | Reached XP level 13. HP: 38/116 MP: 18/18
 17403 | IceCv    | Entered an ice cave
 18071 | IceCv    | Reached skill level 15 in Unarmed Combat
 18510 | IceCv    | Noticed a reaper
 18522 | IceCv    | Killed a reaper
 18992 | D:13     | Reached skill level 10 in Shields
 19222 | D:13     | Received a gift from Okawaru
 19325 | D:13     | Identified the amulet of the Good {Spirit rF+}
 19357 | D:13     | Identified the amulet "Jiegomih" {Reflect Int+4 SH+2}
 19528 | D:13     | Noticed Kirke
 19546 | D:13     | Noticed a sphinx
 19551 | D:13     | Killed Kirke
 20472 | D:14     | Found a runed translucent door.
 20490 | D:14     | Received a gift from Okawaru
 20504 | D:14     | Reached skill level 10 in Invocations
 20507 | D:14     | Noticed a vault guard
 20511 | D:14     | Noticed a vault guard
 20514 | D:14     | Noticed a vault guard
 20516 | D:14     | Killed a vault guard
 20522 | D:14     | Noticed a vault guard
 20523 | D:14     | Killed a vault guard
 20540 | D:14     | Killed a vault guard
 20540 | D:14     | Reached XP level 14. HP: 62/127 MP: 10/20
 20673 | D:14     | Found a gate to the Vaults.
 20691 | D:14     | Received a gift from Okawaru
 20866 | D:14     | Noticed Deaparra's ghost (journeyman DrBe)
 20891 | D:14     | Killed Deaparra's ghost
 21167 | D:15     | Entered Level 15 of the Dungeon
 21321 | D:15     | Found a gate leading to a gauntlet.
 21335 | Gauntlet | Entered a Gauntlet
 21335 | Gauntlet | Found a transporter.
 21345 | Gauntlet | Found a transporter.
 21360 | Gauntlet | Found a transporter.
 21365 | Gauntlet | Found a transporter.
 21382 | Gauntlet | Found a transporter.
 21397 | Gauntlet | Found a transporter.
 21412 | Gauntlet | Found a transporter.
 21425 | Gauntlet | Found a transporter.
 21431 | Gauntlet | Found a transporter.
 21431 | Gauntlet | Found a transporter.
 21446 | Gauntlet | Found a transporter.
 21457 | Gauntlet | Noticed a dire elephant
 21458 | Gauntlet | Found a transporter.
 21477 | Gauntlet | Found a transporter.
 21492 | Gauntlet | Found a transporter.
 21494 | Gauntlet | Found a transporter.
 21519 | Gauntlet | Found a transporter.
 21521 | Gauntlet | Found a transporter.
 21541 | Gauntlet | Found a transporter.
 22008 | Gauntlet | Got an encrusted cloak
 22019 | Gauntlet | Identified the +2 cloak "Tomace" {rF+ Int+2} (You found it
                  | in a Gauntlet)
 22183 | Gauntlet | Got a bloodstained cloak
 22183 | Gauntlet | Got a pitted chain mail
 22194 | Gauntlet | Identified the cursed +0 cloak of Polam {rN+ rCorr Int+4
                  | Stlth+} (You found it in a Gauntlet)
 22204 | Gauntlet | Identified the cursed +0 chain mail of Toraz {+Inv Dex+5
                  | Stlth+} (You found it in a Gauntlet)
 22230 | Gauntlet | Identified the Almanac of the Traveller
 22248 | Gauntlet | Got a twisted cloak
 22259 | Gauntlet | Identified the cursed +0 cloak "Orphodar" {rPois Stlth+}
                  | (You found it in a Gauntlet)
 22355 | D:15     | Found a staircase to the Depths.
 22622 | D:15     | Received a gift from Okawaru
 23040 | Lair:1   | Entered Level 1 of the Lair of Beasts
 23237 | Lair:1   | Reached XP level 15. HP: 65/138 MP: 12/21
 24385 | Lair:2   | Found a staircase to the Snake Pit.
 24651 | Lair:2   | Found a staircase to the Swamp.
 25251 | Lair:3   | You fall into a shaft and drop 1 floor!
 26232 | Lair:4   | Received a gift from Okawaru
 26410 | Lair:4   | Found a runed translucent gate.
 26410 | Lair:4   | Found a runed translucent gate.
 26410 | Lair:4   | Found a runed translucent gate.
 26412 | Lair:4   | Noticed DarkSavant's ghost (journeyman DrTm)
 26432 | Lair:4   | Killed DarkSavant's ghost
 27291 | Lair:5   | Reached skill level 15 in Fighting
 27617 | Lair:6   | Entered Level 6 of the Lair of Beasts
 27749 | Lair:6   | Upgraded the game from 0.25-a0-734-g73332ae to
                  | 0.25-a0-736-g23b457f
 28017 | Lair:6   | Found a staircase to the Slime Pits.
 28632 | Lair:6   | Received a gift from Okawaru
 28635 | Lair:6   | Got a fine longbow {god gift}
 28677 | Lair:6   | Found a burning altar of Makhleb.
 28705 | Lair:6   | Reached XP level 16. HP: 135/151 MP: 13/22
 28731 | Lair:6   | Found a gateway to Hell.
 28903 | Lair:6   | Identified the +5 longbow "Ibiut" {freeze, *Corrode rN+++
                  | Dex+5} (Okawaru gifted it to you on level 6 of the Lair of
                  | Beasts)
 29377 | Orc:1    | Entered Level 1 of the Orcish Mines
 29571 | Orc:2    | Entered Level 2 of the Orcish Mines
 30158 | Orc:2    | Found a staircase to the Elven Halls.
 30299 | Orc:2    | Received a gift from Okawaru
 30589 | Orc:2    | Received a gift from Okawaru
 30661 | Orc:2    | Noticed Erolcha
 30671 | Orc:2    | Killed Erolcha
 30708 | Orc:2    | Found Irahozom's Magic Scroll Emporium.
 31032 | Orc:2    | Reached ****** piety under Okawaru
 31033 | Orc:2    | Found Paisupp's Antique Armour Shoppe.
 31247 | Orc:2    | Found Sohymaz's Book Boutique.
 31258 | Orc:2    | Bought a translucent cloak for 304 gold pieces
 31268 | Orc:2    | Identified the -1 cloak "Xacac" {rF+ rC+} (You bought it in
                  | a shop on level 2 of the Orcish Mines)
 31281 | Orc:2    | Found Qusi's Armour Emporium.
 31697 | D:3      | Killed lightray's ghost
 31879 | Swamp:1  | Entered Level 1 of the Swamp
 31949 | Swamp:1  | Received a gift from Okawaru
 32033 | Swamp:1  | Noticed a thorn hunter
 32051 | Swamp:1  | Killed a thorn hunter
 32606 | Swamp:1  | Reached XP level 17. HP: 163/163 MP: 23/23
 32939 | Swamp:2  | Received a gift from Okawaru
 33626 | Swamp:3  | Noticed Jorgrun
 33656 | Swamp:3  | Killed Jorgrun
 33993 | Swamp:3  | Identified a scroll of acquirement
 33994 | Swamp:3  | Identified the +2 pair of gloves of the Slug {Slay+3} (You
                  | acquired it on level 3 of the Swamp)
 33994 | Swamp:3  | Identified the +5 hunting sling of the Fray {flame, Str+2}
                  | (You acquired it on level 3 of the Swamp)
 34414 | Swamp:4  | Entered Level 4 of the Swamp
 35292 | Swamp:4  | Received a gift from Okawaru
 35297 | Swamp:4  | Got a spiked tower shield {god gift}
 35355 | Swamp:4  | Noticed a bone dragon
 35380 | Swamp:4  | Killed a bone dragon
 35442 | Swamp:4  | Identified the +7 tower shield of Laefaom {rF+++ Regen+
                  | rCorr Dex-2} (Okawaru gifted it to you on level 4 of the
                  | Swamp)
 35473 | Swamp:4  | Got a decaying rune of Zot
 35594 | Snake:1  | Entered Level 1 of the Snake Pit
 35615 | Snake:1  | Found a hide-covered altar of Uskayaw.
 35638 | Snake:1  | Noticed Josephine
 35659 | Snake:1  | Killed Josephine
 36114 | Snake:1  | Noticed Donald
 36125 | Snake:1  | Killed Donald
 36125 | Snake:1  | Reached skill level 15 in Shields
 36182 | Snake:1  | Reached XP level 18. HP: 175/176 MP: 22/24
 36687 | Snake:2  | Noticed Vashnia
 36702 | Snake:2  | Killed Vashnia
 36797 | Snake:2  | Received a gift from Okawaru
 36998 | Snake:2  | Identified Roxanne's Compendium of Transformation
 36998 | Snake:2  | Noticed Roxanne
 37020 | Snake:2  | Killed Roxanne
 37892 | Snake:4  | Entered Level 4 of the Snake Pit
 37941 | Snake:4  | Received a gift from Okawaru
 37942 | Snake:4  | Found the +8 autumn katana {vorpal, Clar}
 38388 | Snake:4  | Received a gift from Okawaru
 38388 | Snake:4  | Reached XP level 19. HP: 171/184 MP: 14/25
 38668 | Snake:4  | Noticed Louise
 38672 | Snake:4  | Cast into level 2 of the Abyss (Louise)
 38689 | Snake:4  | Escaped the Abyss
 38715 | Snake:4  | Killed Louise
 39304 | Snake:4  | Got a serpentine rune of Zot
 39610 | Vaults:1 | Entered Level 1 of the Vaults
 39665 | Vaults:1 | Found Bixki's Gadget Shop.
 39878 | Vaults:1 | Reached skill level 1 in Dodging
 39887 | Vaults:1 | Reached skill level 1 in Throwing
 39986 | Vaults:1 | Received a gift from Okawaru
 40734 | Vaults:1 | Found a portal to a secret trove of treasure.
 41084 | Vaults:1 | Reached XP level 20. HP: 183/195 MP: 24/26
 41472 | Vaults:2 | Received a gift from Okawaru
 41477 | Vaults:2 | Noticed Asterion
 41504 | Vaults:1 | Killed Asterion
 41624 | Vaults:2 | Found a flickering gateway to a bazaar.
 41631 | Bazaar   | Entered a bazaar
 41632 | Bazaar   | Found Neceest's General Store.
 41632 | Bazaar   | Found Teopanipp's Armour Boutique.
 41633 | Bazaar   | Found Fanuxt's General Store.
 41664 | Bazaar   | Found Kexkyug's Weapon Emporium.
 41694 | Bazaar   | Bought a scroll of fog for 14 gold pieces
 41694 | Bazaar   | Bought a scroll of fear for 24 gold pieces
 41694 | Bazaar   | Bought a scroll of enchant armour for 52 gold pieces
 41694 | Bazaar   | Bought a scroll of teleportation for 21 gold pieces
 41694 | Bazaar   | Bought 11 sling bullets for 38 gold pieces
 41694 | Bazaar   | Bought a ration for 35 gold pieces
 41790 | Vaults:2 | Noticed Nikola
 41800 | Vaults:2 | Killed Nikola
 41876 | Vaults:2 | Received a gift from Okawaru
 42151 | Vaults:2 | Reached skill level 5 in Armour
 42215 | Vaults:2 | Found a staircase to the Crypt.
 42215 | Vaults:2 | Found a basalt altar of Yredelemnul.
 42234 | Vaults:2 | Found an ancient bone altar of Kikubaaqudgha.
 43170 | Vaults:3 | Noticed Aizul
 43182 | Vaults:3 | Killed Aizul
 43244 | Vaults:3 | Received a gift from Okawaru
 43764 | Vaults:3 | Found Huunkuaj's Armour Boutique.
 43785 | Vaults:3 | Reached skill level 5 in Throwing
 43785 | Vaults:3 | Reached skill level 5 in Dodging
 43785 | Vaults:3 | Reached XP level 21. HP: 73/204 MP: 9/27
 44098 | Vaults:3 | Paralysed by a sphinx for 5 turns
 44657 | Vaults:4 | Received a gift from Okawaru
 44740 | Vaults:4 | Identified the +6 hand crossbow of Ixea {venom, rPois
                  | Int+4} (Okawaru gifted it to you on level 4 of the Vaults)
 45068 | Vaults:1 | You paid a toll of 2 scrolls of acquirement to enter a
                  | treasure trove
 45069 | Trove    | Entered a treasure trove
 45122 | Trove    | Identified Sif Muna's Collected Works on Hurtful Earth
 45127 | Trove    | Identified Sif Muna's Tome of Fetching Poison
 45161 | Trove    | Identified Sif Muna's Catalogue of Hurtful Snow
 45459 | Vaults:4 | Identified the +5 executioner's axe "Xuotzit" {vorpal,
                  | *Drain rF+ Str+3 Dex+2}
 45496 | Vaults:4 | Received a gift from Okawaru
 45857 | Vaults:4 | Identified the Grimoire of the Voyage
 45861 | Vaults:4 | Got a sparkling copper ring
 45862 | Vaults:4 | Identified the ring "Qumnit" {Str+3 Int+9} (You found it on
                  | level 4 of the Vaults)
 46707 | Slime:1  | Entered Level 1 of the Pits of Slime
 46740 | Slime:1  | Paralysed by a great orb of eyes for 7 turns
 46811 | Slime:1  | Received a gift from Okawaru
 47368 | Slime:2  | Received a gift from Okawaru
 47382 | Slime:2  | Reached XP level 22. HP: 165/210 MP: 22/28
 48682 | Slime:3  | Reached skill level 10 in Armour
 49061 | Slime:3  | Noticed Dissolution
 49081 | Slime:3  | Paralysed by a floating eye for 4 turns
 49091 | Slime:3  | Paralysed by a floating eye for 3 turns
 49094 | Slime:3  | HP: 9/215 [Dissolution (10)]
 49095 | Slime:3  | HP: 1/215 [acid (10)]
 49095 | Slime:3  | Splashed by an acid blob's acid

Levels and vault maps discovered:
D:1:      saegor_arrival_simple_c, layout_loops_corners
D:2:      layout_basic, nicolae_overflow_hidden_temple, lemuel_crystal_altar,
          chequers_ecumenical_altar_simple_redux, dk_noncrumbling_2,
          wad_orctagon
D:3:      layout_loops_corners, first_ration, gammafunk_ghost_grave
D:4:      layout_loops_ring
D:5:      layout_basic, minmay_misc_feat_roman, uniq_sigmund
D:6:      layout_loops_corners, grunt_gozag_breadcrumbs, uniq_blork_the_orc
D:7:      layout_basic, temple_green
D:8:      layout_loops_ring, kennysheep_little_box,
          chequers_temple_overflow_statue_of_worship, serial_shops, shop, shop,
          nicolae_shop_behind_doors, kennysheep_mini, uniq_psyche,
          uniq_prince_ribbit1
D:9:      layout_layer_cave, david_lair_shrubbed, hangedman_ranch
          [blue_anna_fruit_fields], serial_park_tiny_1
D:10:     layout_basic, ebering_ghost_gozag
D:11:     layout_long_grid, special_room [special_room_orc]
D:12:     layout_cave_pools, hiddenorc2_lemuel, minmay_shattered_shrine
D:13:     minmay_the_grid_square_5x5_3x3
          [minmay_the_grid_square_5x5_pentomino_r,
          minmay_the_grid_square_5x5_hourglass, minmay_the_grid_square_5x5_mess,
          minmay_the_grid_square_5x5_n_small,
          minmay_the_grid_square_5x5_megaprize_hollow,
          minmay_the_grid_square_5x5_minivault,
          minmay_the_grid_square_5x5_inset, minmay_the_grid_square_5x5_corner,
          minmay_the_grid_square_5x5_spiral], layout_basic,
          portal_ice_cave_entry_ice_beasts, enter_bailey_2, laboratory,
          uniq_kirke
D:14:     layout_cave_pools, erik_vaults_2, ebering_ghost_reflecting_pool
D:15:     gammafunk_depths_entry_grave, layout_rooms, gauntlet_entry_generic,
          grunt_ministairs_12, fake_guardian_serpent_vault
Temple:   regret_index_temple_sphere_string
Lair:1:   layout_layer_cave, minmay_lair_oklob_chamber
Lair:2:   layout_chaotic_city, minmay_swamp_entry_swarm,
          minmay_snake_entry_guardpost_medium
Lair:3:   layout_chaotic_city, serial_bayou_shore_b
Lair:4:   layout_small_grid, ebering_ghost_rock_garden, serial_bayou_shore_b
Lair:5:   layout_regular_city, grunt_megastairs_4
Lair:6:   evil_forest, layout_gridlike, minmay_slime_entry_oklob_enclosed
Swamp:1:  layout_basic_swamp, serial_swamp_ruin, evilmike_swamp_ruin_house_2,
          evilmike_swamp_ruin_house_3
Swamp:2:  layout_basic_swamp, nicolae_swamp_stair_fork
Swamp:3:  layout_falls_marsh, nicolae_swamp_trees_clearing, uniq_jorgrun
Swamp:4:  swamp_pestilence, layout_basic_swamp, swamp_pool1
Snake:1:  layout_cave_pods, basic_altar, uniq_josephine, uniq_donald
Snake:2:  layout_rooms, uniq_vashnia, uniq_roxanne
Snake:3:  layout_misc_corridors, special_room, drop_trap, nicolae_snake_springs
Snake:4:  grunt_snake_rune_pools, layout_cave_town, grunt_ministairs_8,
          st_stairs_5, serial_bayou_lake_a, serial_bayou_shore_b, uniq_louise
Slime:1:  layout_caves
Slime:2:  layout_caves
Slime:3:  layout_caves, uniq_dissolution
Slime:4:  layout_caves
Orc:1:    layout_diamond_mine
Orc:2:    st_orc_open, layout_diamond_mine, uniq_erolcha
Vaults:1: v_misc_27, vaults_dpeg_hooks, hangedman_vaults_slither,
          ontoclasm_vaults_shuriken, vaults_dpeg_spiral, vaults_room_pool,
          nicolae_vaults_network_barrier, vaults_room_stairs_pillars,
          ontoclasm_vaults_twist, nicolae_vaults_little_squares_6,
          ontoclasm_vaults_chip, vaults_room_stairs_pillars,
          nicolae_vaults_gold_heap, layout_vaults_chaotic_city, enter_trove_5,
          serial_shops, shop
Vaults:2: ontoclasm_vaults_hangar, hangedman_vaults_maws,
          minmay_crypt_entry_necro_gods, v_misc_33, ontoclasm_vaults_ring_small,
          vaults_room_stairs_pillars, hangedman_vaults_stitches, st_lines,
          nicolae_vaults_asterisk, layout_vaults_omnigrid, serial_shops,
          bzr_entry_lakeside, uniq_nikola, uniq_asterion
Vaults:3: v_pattern_3, nicolae_vaults_windows_and_doors_thing, v_rooms_6,
          ontoclasm_vaults_loading_screen, v_misc_25, v_misc_11,
          nicolae_vaults_circle_grid_b, nicolae_vaults_specimen_jars,
          vaults_mumra_lcd, dpeg_vaults_monster_box, vaults_room_door_hall,
          v_misc_23, nicolae_vaults_meeting, v_misc_17, layout_vaults_omnibox,
          uniq_aizul
Vaults:4: nicolae_vaults_network_s, v_misc_27, vaults_dpeg_doors,
          nicolae_vaults_rhombus_6, vaults_room_hangedman_quadrants,
          nicolae_vaults_theta, vaults_standard_mumra_enter_the_diamond,
          ontoclasm_vaults_loading_screen, hangedman_vaults_stretched_pinwheel,
          nicolae_vaults_little_ls, layout_vaults_ring

Skill      XL: |  1  2  3  4  5  6  7  8  9 10 11 12 13 14 15 16 17 18 19 20 21 22 |
---------------+-------------------------------------------------------------------+-----
Unarmed Combat | 3 4 5 7 9 10 12 13 14 16 17 18 19 20 21 22 | 22.0
Shields        | 3 4 5 6 7 8 9 10 11 12 14 15 16 17 18 | 18.8
Fighting       | 4 5 6 8 9 10 11 12 14 15 18 19 20 21 22 | 22.1
Invocations    | 2 5 7 8 10 | 10.0
Armour         | 3 5 8 10 | 10.1
Dodging        | 2 5 8 9 |  9.6
Throwing       | 2 5 |  5.8

Action                   |  1- 3 |  4- 6 |  7- 9 | 10-12 | 13-15 | 16-18 | 19-21 | 22-24 || total
-------------------------+-------+-------+-------+-------+-------+-------+-------+-------++-------
Melee: Unarmed           |   107 |   232 |   387 |   839 |  1308 |  1764 |  1744 |   213 ||  6594
 Fire: Hand crossbow     |     1 |       |       |       |       |       |       |       ||     1
Invok: Heroism           |       |       |       |    15 |    23 |    38 |    25 |     2 ||   103
       Finesse           |       |       |       |       |     6 |     9 |    11 |     1 ||    27
Evoke: Wand              |       |       |       |     1 |       |       |       |       ||     1
  Use: Scroll            |       |       |    17 |     7 |     6 |    25 |     7 |       ||    62
       Potion            |       |       |     1 |       |       |       |       |     2 ||     3
 Stab: Petrified         |       |       |       |       |     2 |       |       |       ||     2
  Eat: Chunk             |     3 |    12 |    15 |    43 |    94 |   132 |    54 |       ||   353
       Ration            |       |       |     1 |       |     3 |       |     3 |     2 ||     9
Armor: Scale mail        |    24 |    86 |   148 |   343 |    77 |       |       |       ||   678
       Crystal plate arm |       |       |       |       |   598 |   809 |   398 |    81 ||  1886
Dodge: Dodged            |    17 |    56 |    88 |   257 |   160 |   164 |    91 |    11 ||   844
       Deflected         |       |     2 |     1 |    13 |     4 |     7 |    17 |     1 ||    45
Block: Kite shield       |    33 |    91 |   158 |   455 |   606 |   659 |       |       ||  2002
       Tower shield      |       |       |       |       |       |   757 |  1440 |   146 ||  2343

Table legend:
 A = Non-vault XP
 B = Vault XP
 C = Vault XP percentage of total XP
 D = Non-vault monster count
 E = Vault monster count
 F = Vault count percentage of total count
                 A         B        C        D         E       F
            +---------+---------+-------+---------+---------+-------
      Total |  379255 |  253215 |  40.0 |    1098 |     520 |  32.1
            +---------+---------+-------+---------+---------+-------
        D:1 |      41 |       0 |   0.0 |      25 |       0 |   0.0
        D:2 |     107 |      12 |  10.1 |      19 |       4 |  17.4
        D:3 |      76 |     187 |  71.1 |      18 |       1 |   5.3
        D:4 |     447 |       0 |   0.0 |      18 |       0 |   0.0
        D:5 |     682 |     212 |  23.7 |      19 |       1 |   5.0
        D:6 |     737 |      94 |  11.3 |      23 |       1 |   4.2
        D:7 |     741 |       0 |   0.0 |      22 |       0 |   0.0
        D:8 |    1990 |     686 |  25.6 |      29 |       2 |   6.5
        D:9 |    1491 |    2536 |  63.0 |      24 |       9 |  27.3
       D:10 |    4164 |     393 |   8.6 |      23 |       4 |  14.8
       D:11 |    5916 |     589 |   9.1 |      45 |      12 |  21.1
       D:12 |    3826 |    3710 |  49.2 |      32 |      44 |  57.9
       D:13 |    3742 |   12858 |  77.5 |      19 |      42 |  68.9
       D:14 |    5281 |    9067 |  63.2 |      19 |       9 |  32.1
       D:15 |    8852 |    5846 |  39.8 |      20 |      11 |  35.5
     Lair:1 |    3952 |    2823 |  41.7 |      21 |       7 |  25.0
     Lair:2 |    1216 |    1852 |  60.4 |       6 |      11 |  64.7
     Lair:3 |    1340 |       0 |   0.0 |       7 |       0 |   0.0
     Lair:4 |    7233 |    1199 |  14.2 |      34 |       1 |   2.9
     Lair:5 |    9957 |      85 |   0.8 |      32 |       1 |   3.0
     Lair:6 |    8477 |   11054 |  56.6 |      28 |      28 |  50.0
    Swamp:1 |   18250 |       0 |   0.0 |      35 |       0 |   0.0
    Swamp:2 |   15206 |       0 |   0.0 |      36 |       0 |   0.0
    Swamp:3 |   12636 |    3387 |  21.1 |      32 |       1 |   3.0
    Swamp:4 |    6361 |   14055 |  68.8 |      18 |      45 |  71.4
    Snake:1 |    8117 |    3773 |  31.7 |      18 |       5 |  21.7
    Snake:2 |   11866 |    9510 |  44.5 |      24 |       5 |  17.2
    Snake:3 |   19683 |    5849 |  22.9 |      38 |      21 |  35.6
    Snake:4 |   19240 |   45596 |  70.3 |      33 |      64 |  66.0
    Slime:1 |   20899 |       0 |   0.0 |      44 |       0 |   0.0
    Slime:2 |   21787 |       0 |   0.0 |      16 |       0 |   0.0
    Slime:3 |   13185 |       0 |   0.0 |      22 |       0 |   0.0
    Slime:4 |    3896 |       0 |   0.0 |       7 |       0 |   0.0
      Orc:1 |    2561 |    1249 |  32.8 |      23 |       2 |   8.0
      Orc:2 |   10911 |   15321 |  58.4 |      55 |      36 |  39.6
   Vaults:1 |   20281 |   27669 |  57.7 |      33 |      39 |  54.2
   Vaults:2 |   36554 |   18263 |  33.3 |      65 |      26 |  28.6
   Vaults:3 |   22136 |   38679 |  63.6 |      42 |      48 |  53.3
   Vaults:4 |   45418 |    7026 |  13.4 |      74 |       8 |   9.8
      IceCv |       0 |    5811 | 100.0 |       0 |      23 | 100.0
   Gauntlet |       0 |    3824 | 100.0 |       0 |       9 | 100.0
            +---------+---------+-------+---------+---------+-------
